 Dungeon Sprint DCSS version 0.28-a0-1033-g1a2f33fa85 (webtiles) character file.

Game seed: 9490397159953212837

9 ytrimaz the Covered (level 1, 0/19 HPs)
             Began as a Demigod Fighter on Dec 7, 2021.
             Splashed by a jelly's acid (8 damage)
             ... in the Dungeon (Sprint IX: "|||||||||||||||||||||||||||||").
             The game lasted 00:00:10 (44 turns).

ytrimaz the Covered (Demigod Fighter)                 Turns: 44, Time: 00:00:11

Health: 0/19       AC:  2    Str: 17    XL:     1   Next: 93%
Magic:  3/3        EV:  9    Int: 10    God:
Gold:   0          SH:  5    Dex: 13    Spells: 0/0 levels left

rFire   . . .      SeeInvis .   a - +0 rapier
rCold   . . .      Faith    .   c - +0 buckler
rNeg    . . .      Spirit   .   b - +0 scale mail
rPois   .          Reflect  .   (no helmet)
rElec   .          Harm     .   (no cloak)
rCorr   .          Rampage  .   (no gloves)
Will    .....      NoTele   +   (no boots)
Stlth   ..........              (no amulet)
HPRegen 0.06/turn               (no ring)
MPRegen 0.08/turn               (no ring)

@: corroded
A: high mp 1, forlorn, divine attributes
a: no special abilities


You were in the Dungeon.
You visited 1 branch

Inventory:

Hand Weapons
 a - a +0 rapier (weapon)
Armour
 b - a +0 scale mail (worn)
 c - a +0 buckler (worn)
Scrolls
 j - a scroll of blinking
Potions
 d - a potion of might
 e - a potion of curing
 f - a potion of heal wounds
 g - a potion of haste
 h - 2 potions of magic
 i - a potion of berserk rage


   Skills:
 + Level 3.3 Fighting
 + Level 2.1 Short Blades
 + Level 3.4 Armour
 + Level 3.3 Shields


You couldn't memorise any spells.
You didn't know any spells.
Your spell library was empty.

Dungeon Overview and Level Annotations

Branches:
Dungeon (1/1)


Innate Abilities, Weirdness & Mutations

You have an increased reservoir of magic. (+10% MP)
You shall have no god before yourself.
Your divine heritage dramatically boosts your attributes as you level up.


Message History

The dart slug barely misses you.
You puncture the dart slug!
You kill the dart slug!
The goblin barely misses you.
Your Short Blades skill increases to level 2!
You hit the goblin.
You kill the goblin!
No target in view!
There is an open door to the Dungeon here.
Items here: ) ††††.
HP restored.
You open the door.
An adder, a jelly, an orc, a white imp and a zombie come into view.
The orc is wielding a +2 vorpal mace.
The orc shouts!
The jelly quivers.
The adder hisses angrily.
The white imp shouts, "Leave, thou defiled rump-fed hugger-mugger!"
The orc grunts loudly.
You hit the ball python zombie.
The ball python zombie is lightly damaged.
You hit the orc.
The orc is moderately wounded.
The jelly jiggles.
Unknown command.
You puncture the orc!
You kill the orc!
You barely miss the ball python zombie.
The ball python zombie is lightly damaged.
The ball python zombie misses you. The ball python zombie grabs you.
The ball python zombie constricts you.
You puncture the ball python zombie!
You destroy the ball python zombie!
You hit the jelly.
Your hands burn!
The jelly is lightly wounded.
The jelly barely misses you.
You hit the jelly.
Your hands burn!
The jelly is moderately wounded.
The jelly hits you. The acid corrodes you!
You are splashed with acid!
You die...

▓.▓
▓.▓
▓.▓
▓)▓
▓.▓
▓.▓
▓.▓
▓.▓
▓@▓
▓J▓
▓S▓
▓5▓
▓.▓
▓.▓
▓.▓
▓+▓


You could see a jelly, an adder and a white imp.

Vanquished Creatures
  A dart slug (D)
  An orc (D)
  A ball python (D)
  A goblin (D)
  A ball python zombie (D)
  A frilled lizard (D)
  A rat (D)
7 creatures vanquished.

Notes
Turn   | Place    | Note
-------+----------+-------------------------------------------
     0 | D        | ytrimaz the Demigod Fighter began the quest for the Orb.
     0 | D        | Reached XP level 1. HP: 18/18 MP: 3/3
    37 | D        | Noticed a jelly
    44 | D        | Splashed by a jelly's acid

Illustrated notes

Levels and vault maps discovered:
D:        linesprint [early_d, line_temple, items_1, d_10, items_2, lair_1,
          lair_end, items_3, orc_1, orc_end, items_4, d_15, swamp_1, shoals_1,
          snake_1, spider_1, d_20, vaults_1, items_5, swamp_end, shoals_end,
          snake_end, spider_end, vaults_end, d_27, items_6, zot_1, zot_end,
          crypt_end, forest_end, elf_end, slime_end, tomb_end, abyss_end,
          pan_hell_end]

Skill      XL: |  1 |
---------------+----+-----
Armour         | 3 |  3.4
Shields        | 3 |  3.3
Fighting       | 3 |  3.3
Short Blades   | 2 |  2.1

Action                   || total
-------------------------++-------
Melee: Rapier            ||    21
Armor: Scale mail        ||     4
Dodge: Dodged            ||     7
Block: Buckler           ||     1

Table legend: (Time is in decaauts)
 A = Elapsed time spent in this place.
 B = Non-inter-level travel time spent in this place.
 C = Inter-level travel time spent in this place.
 D = Time resting spent in this place.
 E = Time spent auto-exploring this place.
 F = Levels seen in this place.
 G = Mean time per level.
                   A        B        C        D        E       F      G
               +--------+--------+--------+--------+--------+-----+--------+
         Total |     46 |     46 |      0 |      0 |     17 |   1 |   46.0 |
       Dungeon |     46 |     46 |      0 |      0 |     17 |   1 |   46.0 |
               +--------+--------+--------+--------+--------+-----+--------+

Top non-repeatable levels by time:
       D: 46 daAuts
